 Dungeon Crawl Stone Soup version 0.31.0-1-g2c135a008e (webtiles) character file.

Game seed: 13382311419361857258

107 qw the Shooter (level 5, 0/40 HPs)
             Began as a Djinni Hunter on Jan 23, 2024.
             Killed by divine providence
             ... invoked by an orc priest
              (14 damage)
             ... on level 3 of the Dungeon.
             The game lasted 00:00:06 (1419 turns).

qw the Shooter (Djinni Hunter)                      Turns: 1419, Time: 00:00:06

Health: 0/40       AC: 11    Str: 10    XL:     5   Next: 10%
Gold:   88         EV: 11    Int: 10    God:
                   SH:  0    Dex: 19

rFire   + + .        a - +0 shortbow
rCold   x . .        (shield currently unavailable)
rNeg    . . .        g - +0 ring mail
rPois   inf          b - +0 helmet
rElec   .            (no cloak)
rCorr   .            d - +0 pair of gloves
SInv    .            (boots unavailable)
Will    .....        (no amulet)
Stlth   +            h - +4 ring of protection
HPRegen 0.26/turn    (no ring)
MPRegen 0.00/turn

%: infuse magic (-1 HP)
@: flying
A: sickness immunity, fire resistance 2, cold vulnerability 1, float, innate
caster, HP casting, extra vitality 1
a: no special abilities


You were on level 3 of the Dungeon.
You visited 1 branch of the dungeon, and saw 3 of its levels.

You collected 88 gold pieces.


Innate Abilities, Weirdness & Mutations

You are immune to sickness and miasma.
You are immune to poison.
Your flesh is very heat resistant. (rF++)
You are vulnerable to cold. (rC-)
You float through the air rather than walking.
You learn spells naturally, not from books.
Your magical power is your life essence.
You have superior vitality. (+4 MHP)


   Skills:
 - Level 3.0 Fighting
 + Level 4.3 Ranged Weapons
 - Level 1.3 Armour
 - Level 2.1 Dodging
 - Level 0.7 Stealth


You knew the following spells:

 Your Spells              Type           Power      Damage    Failure   Level
a - Summon Small Mammal   Summ           0%         N/A       67%         1
b - Momentum Strike       Conj/Tloc      0%         3d8       82%         2
Your spell library was empty.

Inventory:

Hand Weapons
 a - a +0 shortbow (weapon)
Armour
 b - a +0 helmet (worn)
 d - a +0 pair of gloves (worn)
 g - a +0 ring mail (worn)
Jewellery
 h - a +4 ring of protection (left hand)
Scrolls
 c - a scroll of identify
 e - a scroll of teleportation
Potions
 f - a potion of haste

Dungeon Overview and Level Annotations

Branches:
Dungeon (3/15)

Altars:

Annotations:
D:1 1 transporter


Message History

You shoot an arrow.
The arrow hits the orc but does no damage.
The orc is severely wounded.
The orc priest calls upon Beogh to heal the orc.
The orc's wounds heal themselves!
The orc hits you but does no damage.
You shoot an arrow. The arrow closely misses the orc. x2
The orc priest miscasts a cantrip.
The orc closely misses you. The orc hits you with a +4 dagger.
The orc priest looks braver for a moment.
You shoot an arrow. The arrow hits the orc.
The orc is severely wounded.
The orc hits you but does no damage.
You shoot an arrow. The arrow hits the orc!
You kill the orc!
The orc priest mumbles some strange prayers to Beogh against you.
Beogh smites you!
You shoot an arrow. The arrow hits the kobold.
You kill the kobold!
The orc closely misses you.
You shoot an arrow. The arrow barely misses the orc.
The arrow barely misses the orc priest.
The orc closely misses you.
You shoot an arrow. The arrow hits the orc.
The orc is heavily wounded.
The orc hits you but does no damage.
You shoot an arrow. The arrow barely misses the orc.
The arrow barely misses the orc priest.
The orc closely misses you. x2
You shoot an arrow. The arrow hits the orc.
You kill the orc!
You shoot an arrow. The arrow hits the orc priest!
The orc priest is heavily wounded.
The orc priest invokes the aid of Beogh against you.
Pain shoots through your body!
You shoot an arrow.
The arrow closely misses the orc priest.
The orc priest begins to cast a cantrip, but forgets the words!
The orc priest mumbles some strange prayers to Beogh against you.
Beogh smites you!
You die...

#.#..#.###### #?#
.#<...#..<....
#####.##.#.#.##.......
........#.#..........
.......#.#####......
..... #.# ####### ...
#.# #o# #.# #@# #.#
#.# #.######## #.#
#........# #)#
########.# #.# #.# #.#
#.# #.# #.# #.# #.#
#.# #.#


You could see an orc priest.

Vanquished Creatures
  2 adders (D:2)
  5 dart slugs
  5 orcs (D:3)
  10 endoplasms
  6 giant cockroaches
  6 goblins
  3 hobgoblins
  3 jackals
  3 quokkas
  3 ball pythons
  4 bats
  3 frilled lizards
  8 kobolds
  7 rats
68 creatures vanquished.

Notes
Turn   | Place    | Note
-------+----------+-------------------------------------------
     0 | D:1      | qw the Djinni Hunter began the quest for the Orb.
     0 | D:1      | Reached XP level 1. HP: 18/18 MP: 0/0
     0 | D:1      | 0 ||| qw: Version: 0.3-a-134-g2ba4250
     0 | D:1      | 0 ||| qw: Game counter: 688
     0 | D:1      | 0 ||| qw: Melee chars always use a shield: true
     0 | D:1      | 0 ||| qw: God list: Okawaru
     0 | D:1      | 0 ||| qw: Allow faded altars: false
     0 | D:1      | 0 ||| qw: Do Orc after clearing Dungeon:15 true
     0 | D:1      | 0 ||| qw: Do second Lair branch before Depths: true
     0 | D:1      | 0 ||| qw: Lair rune preference: random
     0 | D:1      | 0 ||| qw: Goals: Normal
     0 | D:1      | 0 ||| PLANNING D:1-11
    38 | D:1      | Reached XP level 2. HP: 23/23 MP: 0/0
   124 | D:1      | Reached skill level 4 in Ranged Weapons
   124 | D:1      | Reached XP level 3. HP: 28/28 MP: 0/0
   124 | D:1      | Learned a level 1 spell: Summon Small Mammal
   527 | D:1      | 527 ||| UPGRADING to +0 pair of gloves.
   532 | D:1      | 532 ||| UPGRADING to +0 ring mail.
   542 | D:1      | 542 ||| DROPPING +0 leather armour.
   543 | D:1      | 543 ||| UPGRADING to +4 ring of protection.
   544 | D:1      | 544 ||| READING 2 scrolls labelled RAHYLU BIDA.
   548 | D:1      | 548 ||| READING scroll labelled NUJU OS UVO.
   549 | D:1      | 549 ||| DROPPING scroll of butterflies.
   734 | D:2      | Reached skill level 1 in Armour
   734 | D:2      | Reached XP level 4. HP: 34/34 MP: 0/0
  1181 | D:2      | Reached skill level 3 in Fighting
  1313 | D:2      | 1313 ||| UPGRADING to +0 helmet.
  1318 | D:2      | 1318 ||| READING 2 scrolls of identify.
  1318 | D:2      | 1318 ||| IDENTIFYING silvery potion
  1319 | D:2      | 1319 ||| READING scroll of identify.
  1319 | D:2      | 1319 ||| IDENTIFYING scroll labelled QUXEFAFO XAMO
  1320 | D:2      | 1320 ||| READING scroll labelled XAOJEBLAGO.
  1321 | D:2      | 1321 ||| READING 3 scrolls labelled JAFIFO UVOSURPH.
  1322 | D:2      | 1322 ||| DROPPING scroll of vulnerability.
  1323 | D:2      | 1323 ||| DROPPING 2 scrolls of blinking.
  1402 | D:3      | Reached XP level 5. HP: 40/40 MP: 0/0
  1402 | D:3      | Learned a level 2 spell: Momentum Strike
  1419 | D:3      | Killed from afar by an orc priest

Levels and vault maps discovered:
D:1:      spicycebolla_arrival_risky_transporter, layout_basic
D:2:      layout_basic, grunt_decor_arrowhead, minmay_joined_circles
D:3:      layout_basic, uniq_crazy_yiuf_cottage, uniq_ijyb

Skill      XL: |  1  2  3  4 |
---------------+-------------+-----
Ranged Weapons | 4 |  4.3
Armour         | 1 |  1.3
Fighting       | 3 |  3.0
Dodging        | |  2.1
Stealth        | |  0.7

Action                     |  1- 3 |  4- 6 || total
---------------------------+-------+-------++-------
   Fire: Shortbow          |    90 |    70 ||   160
    Use: Scroll            |     2 |     4 ||     6
 Armour: Leather armour    |     5 |       ||     5
         Ring mail         |     2 |    38 ||    40
  Dodge: Dodged            |    10 |    30 ||    40

Table legend:
 A = Non-vault XP
 B = Vault XP
 C = Vault XP percentage of total XP
 D = Non-vault monster count
 E = Vault monster count
 F = Vault count percentage of total count
                 A         B        C        D         E       F
            +---------+---------+-------+---------+---------+-------
      Total |     109 |      44 |  28.8 |      53 |      15 |  22.1
            +---------+---------+-------+---------+---------+-------
        D:1 |      56 |       0 |   0.0 |      33 |       0 |   0.0
        D:2 |      34 |      44 |  56.4 |      11 |      15 |  57.7
        D:3 |      19 |       0 |   0.0 |       9 |       0 |   0.0
            +---------+---------+-------+---------+---------+-------
